 Dungeon Crawl Stone Soup version 0.17-a0-1701-gf693a3f (webtiles) character file.

338 urechis the Covert (level 6, 0/44 HPs)
             Began as a Vampire Assassin on Aug 21, 2015.
             Slain by a yak (14 damage)
             ... on level 3 of the Dungeon.
             The game lasted 00:05:15 (6647 turns).

urechis the Covert (Vampire Assassin)               Turns: 6647, Time: 00:05:15

Health: 0/44       AC:  4    Str: 10    XL:     6   Next: 29%
Magic:  6/6        EV: 12    Int: 15    God:
Gold:   254        SH:  0    Dex: 18    Spells: 0 memorised, 5 levels left

rFire  . . .     SeeInvis +     a - +2 dagger
rCold  + + .     Clarity  .     c - +0 robe
rNeg   + + +     SustAt   .     (no shield)
rPois  +         Gourm    .     (no helmet)
rElec  .         Spirit   .     z - +0 cloak {rPois}
rCorr  .         Warding  +     k - +0 pair of gloves
rMut   .         Stasis   .     (no boots)
MR     .....                    i - amulet of warding
Stlth  ++++++....               v - ring of stealth
                                u - +2 ring of intelligence

@: regenerating slowly, not resistant to hostile enchantments, very stealthy
A: fangs 3, see invisible, unbreathing
a: Bat Form


You were on level 3 of the Dungeon.
You were near bloodless.

You visited 1 branch of the dungeon, and saw 4 of its levels.

You collected 254 gold pieces.

Inventory:

Hand weapons
 a - a +2 dagger (weapon)
 b - a +0 blowgun
Missiles
 e - 71 poisoned needles
 f - 2 curare-tipped needles
Armour
 c - a +0 robe (worn)
 d - a +0 cloak
 k - a +0 pair of gloves (worn)
 z - a +0 cloak of poison resistance (worn)
Jewellery
 i - an amulet of warding (around neck)
 u - a +2 ring of intelligence (left hand)
 v - a ring of stealth (right hand)
 A - a +2 ring of intelligence
Magical devices
 g - a wand of lightning (6)
Scrolls
 h - a scroll of fog {unknown}
 j - 7 scrolls of remove curse {unknown}
 l - 3 scrolls of teleportation {unknown}
 n - a scroll of blinking {unknown}
 p - 2 scrolls of identify {unknown}
 r - a scroll of immolation {unknown}
 w - 4 scrolls of enchant weapon {unknown}
 x - a scroll of random uselessness {unknown}
 y - a scroll of amnesia {unknown}
 B - a scroll of magic mapping {unknown}
Potions
 m - a potion of resistance {unknown}
 o - 2 potions of poison {unknown}
 q - 3 potions of degeneration {unknown}
 s - a potion of invisibility {unknown}
 t - a potion of cure mutation {unknown}
 C - a potion of curing


   Skills:
 - Level 1.7 Fighting
 + Level 5.5 Short Blades
 - Level 1.5 Throwing
 - Level 1.1 Dodging
 + Level 9.1 Stealth


You had 5 spell levels left.
You didn't know any spells.

Dungeon Overview and Level Annotations

Branches:
Dungeon (4/15)
 Temple: D:4-7

Altars:
Gozag
Nemelex Xobeh
Zin

Annotations:
D:4 PooFace's ghost, average TrBe


Innate Abilities, Weirdness & Mutations

You heal slowly.
You have razor-sharp teeth.
You have supernaturally acute eyesight.
You can survive without breathing.


Message History

You hit the yak.
The yak is lightly wounded.
The yak closely misses you.
You hit the yak but do no damage.
The yak is lightly wounded.
The yak gores you!
* * * LOW HITPOINT WARNING * * *
You hit the yak.
The yak is moderately wounded.
The yak gores you.
* * * LOW HITPOINT WARNING * * *
You hit the yak but do no damage.
The yak is moderately wounded.
You closely miss the yak.
The yak is moderately wounded.
The yak gores you but does no damage.
You hit the yak but do no damage.
The yak is moderately wounded.
The yak gores you!
You die...

# # # ############ #
#..........# #
#######.....####.# #
####...#..........#.# #
#.)))#.#.#.Y........#########
#.##...#...#@................
##.####.#.#.#.##)#############
#.....#.......##.# #
#.######.>.##.##.#############
#.##...##.###...........รท.....
#.#.._.##........#############
#.#....##.#####.....# ##
#.'....##.# #.###.# #.
###....#..#####.)...# #.


You could see a yak.

Vanquished Creatures
  A water moccasin skeleton (D:4)
  A scorpion (D:4)
  A hound (D:4)
  A worker ant (D:3)
  9 adders
  2 oozes
  A worm (D:4)
  5 orcs (D:3)
  A ball python (D:2)
  9 hobgoblins
  10 kobolds
  5 quokkas
  10 bats
  2 giant cockroaches
  6 giant geckos
  10 giant newts
  10 goblins
  9 rats
93 creatures vanquished.

Notes
Turn   | Place    | Note
--------------------------------------------------------------
     0 | D:1      | urechis the Vampire Assassin began the quest for the Orb.
     0 | D:1      | Reached XP level 1. HP: 16/16 MP: 1/1
  1931 | D:1      | Noticed a seven-headed hydra
  1931 | D:1      | Noticed a black bear
  1931 | D:1      | Noticed a hound
  1931 | D:1      | Noticed an anaconda
  1931 | D:1      | Noticed a komodo dragon
  1974 | D:1      | Reached skill level 6 in Stealth
  2344 | D:1      | Reached XP level 2. HP: 16/22 MP: 2/2
  3133 | D:2      | Reached XP level 3. HP: 27/27 MP: 3/3
  3644 | D:2      | Reached skill level 7 in Stealth
  3779 | D:2      | Found a faded altar to an unknown god.
  3958 | D:2      | Reached XP level 4. HP: 25/33 MP: 4/4
  4685 | D:3      | Found an opulent altar of Gozag.
  4686 | D:3      | Found a glowing silver altar of Zin.
  4723 | D:3      | Found a sparkling altar of Nemelex Xobeh.
  4854 | D:3      | Reached XP level 5. HP: 24/38 MP: 5/5
  5097 | D:4      | Reached skill level 8 in Stealth
  5505 | D:4      | Reached skill level 5 in Short Blades
  5554 | D:4      | Noticed a yak
  5555 | D:4      | Noticed a yak
  5556 | D:4      | Noticed a yak
  5557 | D:4      | Noticed a yak
  5558 | D:4      | Noticed a yak
  5569 | D:4      | Noticed PooFace's ghost (average TrBe)
  5781 | D:4      | Reached XP level 6. HP: 10/44 MP: 6/6
  6568 | D:4      | Reached skill level 9 in Stealth
  6647 | D:3      | Slain by a yak

Vault maps used:
D:1:      onia_arrival_zoo_common
D:2:      ecumenical_altar_2, minmay_misc_feat_diagonals, minmay_cut_off
D:3:      grunt_temple_overflow_gold_and_silver,
          nemelex_xobeh_ov_fountains_minmay
D:4:      first_bread

Action                   |  1- 3 |  4- 6 || total
-------------------------+-------+-------++-------
Melee: Dagger            |   127 |   192 ||   319
  Use: Potion            |     4 |     3 ||     7
 Stab: Sleeping          |     9 |    19 ||    28
       Distracted        |     1 |     1 ||     2
